 Dungeon Crawl Stone Soup version 0.28-a0-863-g8cecda6153 (webtiles) character file.

Game seed: 14356861328606978522

3 elagabalus the Skirmisher (level 1, 20/20 HPs)
             Began as a Hill Orc Fighter on Nov 16, 2021.
             Quit the game on level 1 of the Dungeon.
             The game lasted 00:00:33 (30 turns).

elagabalus the Skirmisher (Hill Orc Fighter)          Turns: 30, Time: 00:00:34

Health: 20/20      AC:  6    Str: 18    XL:     1   Next: 50%
Magic:  1/1        EV:  9    Int:  8    God:
Gold:   0          SH:  4    Dex: 10    Spells: 0/0 levels left

rFire   . . .      SeeInvis .   a - +0 war axe
rCold   . . .      Faith    .   c - +0 buckler
rNeg    . . .      Spirit   .   b - +0 scale mail
rPois   .          Reflect  .   (no helmet)
rElec   .          Harm     .   (no cloak)
rCorr   .          Rampage  .   (no gloves)
Will    .....                   (no boots)
Stlth   ..........              (no amulet)
HPRegen 0.06/turn               (no ring)
MPRegen 0.07/turn               (no ring)

@: no status effects
A: no striking features
a: no special abilities


You were on level 1 of the Dungeon.
You visited 1 branch of the dungeon, and saw 1 of its levels.

Inventory:

Hand Weapons
 a - a +0 war axe (weapon)
Armour
 b - a +0 scale mail (worn)
 c - a +0 buckler (worn)
Potions
 d - a potion of might


   Skills:
 + Level 3.7 Fighting
 - Level 2.6 Axes
 * Level 3.4 Armour
 * Level 3.3 Shields


You couldn't memorise any spells.
You didn't know any spells.
Your spell library was empty.

Dungeon Overview and Level Annotations

Branches:
Dungeon (1/15)

Altars:


Message History

Welcome, elagabalus the Hill Orc Fighter.
It is said that the Orb of Zot exists deep within this dungeon.
Press ? for a list of commands and other information.
Found a staircase leading out of the dungeon.
A rat comes into view.
A rat and a kobold come into view.
The kobold shouts!
You hear a shout!
You closely miss the kobold.
The kobold hits you but does no damage. x2
You hit the kobold.
You kill the kobold!
A hobgoblin comes into view.
You see here a +0 whip.
You barely miss the rat. The rat bites you but does no damage.
The rat bites you.
You hit the rat but do no damage. The rat barely misses you.
You barely miss the rat. The rat bites you but does no damage.
You closely miss the rat. The rat barely misses you.
The rat bites you but does no damage.
You closely miss the rat. The rat bites you but does no damage.
You slash the rat!
You kill the rat!
The hobgoblin closely misses you.
You hit the hobgoblin.
The hobgoblin is moderately wounded.
The hobgoblin closely misses you.
You barely miss the hobgoblin.
The hobgoblin is moderately wounded.
The hobgoblin barely misses you.
You slash the hobgoblin!
You kill the hobgoblin!
You barely miss the rat. You block the rat's attack.
The rat closely misses you.
Are you sure you want to abandon this character and quit the game? (Confirm with "yes".)

### #### ..# .#.
..# #.. ..# .. ..
#. .#.# #..# #@#
##r# #.##
#...#.######
#...#..#...#.##
.......#.###...###
#....#...#.#.##..#
.#....##.##.##..##
...#. .##.#..#.<#


You could see a rat.

Vanquished Creatures
  A hobgoblin (D:1)
  A kobold (D:1)
  A rat (D:1)
3 creatures vanquished.

Notes
Turn   | Place    | Note
-------+----------+-------------------------------------------
     0 | D:1      | elagabalus the Hill Orc Fighter began the quest for the
                  | Orb.
     0 | D:1      | Reached XP level 1. HP: 19/19 MP: 1/1
    30 | D:1      | Quit the game

Illustrated notes

Levels and vault maps discovered:
D:1:      erik_arrival_cave_to_civilisation [erik_arrival_cave_to_temple],
          layout_loops_cross, ebering_ecumenical_altar_box,
          minmay_misc_feat_enclosed

Action                   || total
-------------------------++-------
Melee: War axe           ||    12
Armor: Scale mail        ||     6
Dodge: Dodged            ||     6
Block: Buckler           ||     1

Table legend: (Time is in decaauts)
 A = Elapsed time spent in this place.
 B = Non-inter-level travel time spent in this place.
 C = Inter-level travel time spent in this place.
 D = Time resting spent in this place.
 E = Time spent auto-exploring this place.
 F = Levels seen in this place.
 G = Mean time per level.
                   A        B        C        D        E       F      G
               +--------+--------+--------+--------+--------+-----+--------+
         Total |     34 |     26 |      8 |      0 |      0 |   1 |   34.0 |
       Dungeon |     34 |     26 |      8 |      0 |      0 |   1 |   34.0 |
               +--------+--------+--------+--------+--------+-----+--------+

Top non-repeatable levels by time:
     D:1: 34 daAuts
